 Dungeon Crawl Stone Soup version 0.30-a0-168-g0b976cbdc4 (webtiles) character file.

Game seed: 9735950339065920141

50415 qw the Cleaver (level 14, -1/90 HPs)
             Began as a Gargoyle Fighter on Sept 29, 2022.
             Was a High Priest of Okawaru.
             Splashed by a goliath frog's acid (8 damage)
             ... on level 5 of the Lair of Beasts.
             The game lasted 00:06:20 (15123 turns).

qw the Cleaver (Gargoyle Fighter)                  Turns: 15123, Time: 00:06:20

Health: -1/90      AC: 23    Str: 27    XL:     14   Next: 55%
Magic:  21/21      EV:  9    Int:  9    God:    Okawaru [*****.]
Gold:   1055       SH: 13    Dex:  9    Spells: 13/13 levels left

rFire   + . .      SeeInvis .    i - +10 broad axe "Voyr" {drain, Fly}
rCold   x . .      Faith    .    A - +0 kite shield
rNeg    + + .      Spirit   .    s - +0 plate armour
rPois   inf        Reflect  .    B - +1 helmet
rElec   +          Harm     .    (no cloak)
rCorr   .          Rampage  .    g - +0 pair of gloves
Will    +....                    (no boots)
Stlth   ..........               j - amulet of regeneration
HPRegen 1.05/turn                h - ring of positive energy
MPRegen 0.17/turn                q - ring "Kuozeshri" {Fly rF+ rC- Str+2}

@: about to teleport, heroic, corroded, flying, slowed, very slow
A: sickness immunity, AC +10, big wings, negative energy resistance 1,
electricity resistance, torment resistance 1, petrification resistance
a: Renounce Religion, Heroism, Finesse, Duel


You were on level 5 of the Lair of Beasts.
You worshipped Okawaru.
Okawaru was extremely pleased with you.
You visited 3 branches of the dungeon, and saw 15 of its levels.

You collected 1055 gold pieces.


Innate Abilities, Weirdness & Mutations

You are immune to sickness and miasma.
Your stone body is resilient. (AC +10)
You are immune to poison.
Your large and strong wings let you fly.
You resist negative energy. (rN+)
You are resistant to electric shocks. (rElec)
You are resistant to unholy torment.
You are immune to petrification.


   Skills:
 - Level 11.0(16.0) Fighting
 + Level 14.7(19.7) Axes
 - Level 4.0(9.0) Throwing
 - Level 10.0(15.0) Armour
 - Level 2.0(7.0) Dodging
 - Level 12.0(17.0) Shields
 - Level 10.0 Invocations


You had 13 spell levels left.
You didn't know any spells.
Your spell library was empty.

Inventory:

Hand Weapons
 c - a +0 demon whip of venom
 i - the +10 broad axe "Voyr" (weapon) {drain, Fly}
   (You acquired it on level 1 of the Dungeon)

   A truly terrible weapon, it drains the life of any living foe it strikes.
   Fly:       It grants you flight.
Missiles
 f - 6 boomerangs (quivered)
Armour
 g - a +0 pair of gloves (worn)
 s - a +0 plate armour (worn)
 t - the +1 robe of the Sacrificial Victim {rC+ rCorr Archmagi}
   (Okawaru gifted it to you on level 3 of the Lair of Beasts)

   rC:        It protects you from cold.
   rCorr:     It protects you from acid and corrosion.
   Archmagi:  It increases the power of your magical spells.
 A - a +0 kite shield (worn)
 B - a +1 helmet (worn)
Jewellery
 h - a ring of positive energy (left hand)
 j - an amulet of regeneration (around neck)
 q - the ring "Kuozeshri" (right hand) {Fly rF+ rC- Str+2}
   (You acquired it on level 4 of the Dungeon)

   [ring of flight]

   Str:       It affects your strength (+2).
   rF:        It protects you from fire.
   rC:        It makes you vulnerable to cold.
   Fly:       It grants you flight.
 w - a ring of positive energy
 z - a ring of ice
Scrolls
 k - 6 scrolls of identify
 m - a scroll of brand weapon {unknown}
 y - 2 scrolls of teleportation
Potions
 a - 3 potions of curing
 b - 2 potions of magic
 d - 3 potions of might
 e - 2 potions of attraction
 l - a potion of heal wounds
 o - a potion of cancellation
 p - 2 potions of haste
 u - a potion of resistance
 x - a potion of lignification

Dungeon Overview and Level Annotations

Branches:
Dungeon (9/15)             Temple (1/1) D:6            Lair (5/5) D:9
 Shoals (0/4) Lair:2        Snake (0/4) Lair:3        Slime (0/5) Lair:4
    Orc: D:9-12

Altars:
Ashenzari
Cheibriados
Dithmenos
Elyvilon
Fedhas
Gozag
Hepliaklqana
Kikubaaqudgha
Makhleb
Nemelex Xobeh
Okawaru
Qazlal
Ru
Trog
Uskayaw
Vehumet
Wu Jian
Xom
Yredelemnul
Zin
The Shining One
Jiyva

Shops:
D:9 [


Message History

The bullfrog barely misses you. The yak gores you but does no damage.
The goliath frog barely misses you. You block the bullfrog's attack.
The yak gores you.
You slice the bullfrog!!
You kill the bullfrog!
Okawaru accepts your kill.
You slash the torpor snail! You hit the yak. You drain the yak.
You block the goliath frog's attack.
The goliath frog hits you but does no damage.
You hit the torpor snail.
The torpor snail is moderately wounded.
You hit the yak. You drain the yak. You block the torpor snail's attack.
The goliath frog misses you.
You hit the torpor snail but do no damage.
The torpor snail is moderately wounded.
You slash the yak! You drain the yak. The goliath frog closely misses you.
You block the torpor snail's attack.
You hit the torpor snail but do no damage.
The torpor snail is moderately wounded.
You completely miss the yak. The goliath frog barely misses you.
The torpor snail barely misses you.
The goliath frog hits you but does no damage.
You slash the torpor snail!
The torpor snail is heavily wounded.
You hit the yak. You slash the yak! You drain the yak. The yak gores you.
You block the yak's attack. The goliath frog closely misses you.
The torpor snail bites you!
15122 ||| READING 3 scrolls of teleportation.
As you read the scroll of teleportation, it crumbles to dust.
You feel strangely unstable. You block the yak's attack.
The goliath frog hits you from afar.
You are splashed with acid!
The yak misses you. The torpor snail closely misses you.
You block the goliath frog's attack. The yak barely misses you.
15123 ||| DRINKING 2 potions of heal wounds.
You feel much better. The goliath frog barely misses you.
The yak gores you but does no damage.
The yak gores you. x2; The torpor snail bites you!
The goliath frog hits you from afar!
You are splashed with acid!
You die...

##.###.### #####.### ##
###..##..###.#.....###.#
.%......................
........................
.....#....#.%...........
....#....####...........
....##...P# #..%.....?..
~...##....####..........
...~.#....#....Y@.......
......~.P..##P.YYwF.....
~ ..~.. #...........
#...........
#............
###..........
........... ............


You could see a torpor snail, a goliath frog and 3 yaks.

Vanquished Creatures
  Nessos (Lair:4)
  Erolcha (D:9)
  3 hydras
  2 catoblepae (Lair:4)
  A boulder beetle (Lair:3)
  6 death yaks (Lair:4)
  Amaemon (D:8)
  2 manticores (Lair:4)
  A cyclops (D:9)
  Joseph (D:8)
  An orange demon (D:8)
  4 black mambas
  16 cane toads
  9 elephants
  2 torpor snails
  6 rime drakes
  11 komodo dragons
  2 hornets (D:9)
  7 trolls (D:9)
  23 blink frogs
  19 dream sheep
  A tyrant leech (Lair:5)
  A slime creature (Lair:4)
  A snapping turtle (Lair:2)
  5 wyverns
  30 yaks
  2 basilisks
  A steam dragon (D:7)
  3 vampire mosquitoes (Lair:5)
  A naga (Lair:3)
  9 water moccasins
  2 sky beasts
  An ice beast (D:6)
  An orc warrior (D:6)
  3 ogres
  3 black bears
  2 centaurs
  44 wolves
  3 phantoms
  3 kobold brigands
  A gnoll sergeant (D:8)
  19 bullfrogs
  2 necrophages
  2 scorpions
  A cane toad simulacrum (Lair:1)
  An elephant simulacrum (Lair:1)
  5 killer bees (D:8)
  11 howler monkeys
  3 electric eels (Lair:1)
  3 hounds
  3 gnoll boudas
  7 jellies
  10 orc priests
  3 iron imps (D:3)
  5 iguanas
  6 orc wizards
  5 hell rats (Lair:1)
  2 polar bear simulacra (Lair:1)
  Robin (D:4)
  7 adders
  28 gnolls
  3 white imps
  2 ufetubi
  3 worms
  4 dart slugs
  28 orcs
  6 endoplasms
  16 giant cockroaches
  11 hobgoblins
  5 jackals
  6 quokkas
  6 ball pythons
  9 bats
  A frilled lizard (D:3)
  16 goblins
  16 kobolds
  4 rats
496 creatures vanquished.

Vanquished Creatures (others)
  20 fungi
  98 plants
118 creatures vanquished.

Grand Total: 614 creatures vanquished

Notes
Turn   | Place    | Note
-------+----------+-------------------------------------------
     0 | D:1      | qw the Gargoyle Fighter began the quest for the Orb.
     0 | D:1      | Reached XP level 1. HP: 14/14 MP: 1/1
     0 | D:1      | 0 ||| qw: Version: 0.2-a-12-gaebbb33
     0 | D:1      | 0 ||| qw: Game counter: 1109
     0 | D:1      | 0 ||| qw: Always use a shield: true
     0 | D:1      | 0 ||| qw: God list: Okawaru
     0 | D:1      | 0 ||| qw: Allow faded altars: false
     0 | D:1      | 0 ||| qw: Do Orc after D:15 true
     0 | D:1      | 0 ||| qw: Do second Lair branch before Depths: true
     0 | D:1      | 0 ||| qw: Lair rune preference: random
     0 | D:1      | 0 ||| qw: Plans: Normal, Zot:1-4, God:TSO, Crypt, Tomb,
                  | Pan, Slime:5, Hells, Abyss, Orb
     0 | D:1      | 0 ||| PLANNING D:1-11
    93 | D:1      | Reached skill level 2 in Axes
   194 | D:1      | 194 ||| Stepping ~*~*~tactically~*~*~ (hiding).
   203 | D:1      | Reached XP level 2. HP: 16/19 MP: 2/2
   415 | D:1      | 415 ||| Stepping ~*~*~tactically~*~*~ (hiding).
   538 | D:1      | You fall into a shaft and drop 1 floor!
   541 | D:2      | 541 ||| STAIRDANCE
   611 | D:1      | Found a faded altar of an unknown god.
   906 | D:1      | 906 ||| UPGRADING to ring of positive energy.
   907 | D:1      | 907 ||| READING scroll labelled QEBRAA YRUAG.
   908 | D:1      | 908 ||| READING scroll labelled BANASE ICIAGEQ.
   940 | D:2      | Reached skill level 3 in Axes
   940 | D:2      | 940 ||| STAIRDANCE
  1019 | D:2      | Reached XP level 3. HP: 23/23 MP: 3/3
  1066 | D:2      | Reached skill level 1 in Throwing
  1144 | D:2      | 1144 ||| Stepping ~*~*~tactically~*~*~ (stealth).
  1148 | D:2      | 1148 ||| Stepping ~*~*~tactically~*~*~ (stealth).
  1154 | D:2      | 1154 ||| Stepping ~*~*~tactically~*~*~ (stealth).
  1203 | D:2      | 1203 ||| Stepping ~*~*~tactically~*~*~ (stealth).
  1205 | D:2      | 1205 ||| Stepping ~*~*~tactically~*~*~ (stealth).
  1209 | D:2      | 1209 ||| Stepping ~*~*~tactically~*~*~ (stealth).
  1214 | D:2      | 1214 ||| FLEEEEING.
  1215 | D:2      | 1215 ||| FLEEEEING.
  1216 | D:2      | 1216 ||| FLEEEEING.
  1217 | D:2      | 1217 ||| FLEEEEING.
  1219 | D:2      | 1219 ||| FLEEEEING.
  1220 | D:2      | 1220 ||| FLEEEEING.
  1221 | D:2      | 1221 ||| FLEEEEING.
  1222 | D:2      | 1222 ||| FLEEEEING.
  1224 | D:2      | 1224 ||| STAIRDANCE
  1253 | D:1      | 1253 ||| UPGRADING to +0 pair of gloves.
  1258 | D:1      | 1258 ||| READING scroll labelled QASHAKLALLO.
  1258 | D:1      | Identified a scroll of acquirement
  1258 | D:1      | 1258 ||| ACQUIRING +10 broad axe "Voyr" {drain, Fly}
  1258 | D:1      | Acquired the +10 broad axe "Voyr" {drain, Fly}
  1260 | D:1      | 1260 ||| SWAPPING to +10 broad axe "Voyr" {drain, Fly}.
  1261 | D:1      | 1261 ||| DROPPING +0 war axe.
  1664 | D:2      | 1664 ||| DROPPING orb of energy.
  1665 | D:2      | 1665 ||| READING scroll labelled PUFOURIGAUR.
  1666 | D:2      | 1666 ||| READING scroll labelled JILUHOTUPT.
  1667 | D:2      | 1667 ||| READING 2 scrolls of identify.
  1667 | D:2      | 1667 ||| IDENTIFYING smoky amethyst potion
  1726 | D:3      | 1726 ||| READING scroll labelled LOUKLE ZIEPN.
  1734 | D:3      | Reached XP level 4. HP: 28/28 MP: 4/4
  2037 | D:3      | Found a burning altar of Makhleb.
  2044 | D:3      | Reached skill level 4 in Axes
  2046 | D:3      | Reached XP level 5. HP: 22/32 MP: 5/5
  2046 | D:3      | 2046 ||| FLEEEEING.
  2047 | D:3      | 2047 ||| FLEEEEING.
  2048 | D:3      | 2048 ||| FLEEEEING.
  2049 | D:3      | 2049 ||| FLEEEEING.
  2050 | D:3      | 2050 ||| FLEEEEING.
  2051 | D:3      | 2051 ||| FLEEEEING.
  2052 | D:3      | 2052 ||| FLEEEEING.
  2053 | D:3      | 2053 ||| FLEEEEING.
  2054 | D:3      | 2054 ||| FLEEEEING.
  2055 | D:3      | 2055 ||| FLEEEEING.
  2074 | D:3      | 2074 ||| FLEEEEING.
  2074 | D:3      | Noticed a phantom
  2075 | D:3      | 2075 ||| FLEEEEING.
  2076 | D:3      | 2076 ||| FLEEEEING.
  2077 | D:3      | 2077 ||| FLEEEEING.
  2078 | D:3      | 2078 ||| FLEEEEING.
  2079 | D:3      | 2079 ||| FLEEEEING.
  2087 | D:3      | Killed a phantom
  2088 | D:3      | Reached skill level 5 in Axes
  2088 | D:3      | Reached XP level 6. HP: 31/37 MP: 6/6
  2200 | D:3      | 2200 ||| Stepping ~*~*~tactically~*~*~ (stealth).
  2385 | D:3      | 2385 ||| Stepping ~*~*~tactically~*~*~ (stealth).
  2514 | D:3      | 2514 ||| READING scroll labelled CODOVIYTUGG.
  2517 | D:3      | 2517 ||| READING scroll labelled COTEULAPHE.
  2518 | D:3      | 2518 ||| DRINKING 2 grey potions.
  2519 | D:3      | 2519 ||| DRINKING 3 smoky inky potions.
  2520 | D:3      | 2520 ||| DROPPING 2 potions of brilliance.
  2528 | D:4      | Found a shimmering altar of Xom.
  2528 | D:4      | Found a shimmering altar of Xom.
  2528 | D:4      | Found a shimmering altar of Xom.
  2528 | D:4      | Found a shimmering altar of Xom.
  2528 | D:4      | Found a shimmering altar of Xom.
  2528 | D:4      | Found a shimmering altar of Xom.
  2550 | D:4      | Reached skill level 1 in Dodging
  2599 | D:4      | 2599 ||| DROPPING +0 whip.
  2779 | D:4      | Noticed Robin
  2780 | D:4      | 2780 ||| Stepping ~*~*~tactically~*~*~ (stealth).
  2787 | D:4      | 2787 ||| Stepping ~*~*~tactically~*~*~ (stealth).
  2795 | D:4      | 2795 ||| Stepping ~*~*~tactically~*~*~ (stealth).
  2808 | D:4      | 2808 ||| Stepping ~*~*~tactically~*~*~ (hiding).
  2810 | D:4      | 2810 ||| Stepping ~*~*~tactically~*~*~ (hiding).
  2811 | D:4      | 2811 ||| Stepping ~*~*~tactically~*~*~ (hiding).
  2812 | D:4      | 2812 ||| Stepping ~*~*~tactically~*~*~ (hiding).
  2814 | D:4      | 2814 ||| Stepping ~*~*~tactically~*~*~ (hiding).
  2820 | D:4      | Killed Robin
  2876 | D:4      | 2876 ||| READING scroll of acquirement.
  2876 | D:4      | 2876 ||| ACQUIRING ring "Kuozeshri" {Fly rF+ rC- Str+2}
  2876 | D:4      | Acquired the ring "Kuozeshri" {Fly rF+ rC- Str+2}
  2878 | D:4      | 2878 ||| UPGRADING to ring "Kuozeshri" {Fly rF+ rC- Str+2}.
  2905 | D:4      | Reached skill level 6 in Axes
  2905 | D:4      | Reached XP level 7. HP: 36/43 MP: 7/7
  3027 | D:4      | 3027 ||| Stepping ~*~*~tactically~*~*~ (hiding).
  3042 | D:4      | 3042 ||| FLEEEEING.
  3047 | D:4      | 3047 ||| FLEEEEING.
  3048 | D:4      | 3048 ||| FLEEEEING.
  3049 | D:4      | 3049 ||| FLEEEEING.
  3050 | D:4      | 3050 ||| FLEEEEING.
  3051 | D:4      | 3051 ||| FLEEEEING.
  3052 | D:4      | 3052 ||| FLEEEEING.
  3053 | D:4      | 3053 ||| FLEEEEING.
  3054 | D:4      | 3054 ||| FLEEEEING.
  3055 | D:4      | 3055 ||| FLEEEEING.
  3056 | D:4      | 3056 ||| FLEEEEING.
  3057 | D:4      | 3057 ||| FLEEEEING.
  3058 | D:4      | 3058 ||| FLEEEEING.
  3059 | D:4      | 3059 ||| FLEEEEING.
  3060 | D:4      | 3060 ||| FLEEEEING.
  3061 | D:4      | 3061 ||| FLEEEEING.
  3062 | D:4      | 3062 ||| FLEEEEING.
  3064 | D:4      | 3064 ||| FLEEEEING.
  3065 | D:4      | 3065 ||| FLEEEEING.
  3066 | D:4      | 3066 ||| FLEEEEING.
  3067 | D:4      | 3067 ||| FLEEEEING.
  3068 | D:4      | 3068 ||| FLEEEEING.
  3069 | D:4      | 3069 ||| FLEEEEING.
  3070 | D:4      | 3070 ||| FLEEEEING.
  3071 | D:4      | 3071 ||| FLEEEEING.
  3072 | D:4      | 3072 ||| FLEEEEING.
  3073 | D:4      | 3073 ||| FLEEEEING.
  3074 | D:4      | 3074 ||| FLEEEEING.
  3079 | D:4      | 3079 ||| FLEEEEING.
  3090 | D:4      | 3090 ||| FLEEEEING.
  3091 | D:4      | 3091 ||| FLEEEEING.
  3092 | D:4      | 3092 ||| FLEEEEING.
  3093 | D:4      | 3093 ||| FLEEEEING.
  3094 | D:4      | 3094 ||| FLEEEEING.
  3095 | D:4      | 3095 ||| FLEEEEING.
  3096 | D:4      | 3096 ||| FLEEEEING.
  3097 | D:4      | 3097 ||| FLEEEEING.
  3098 | D:4      | 3098 ||| FLEEEEING.
  3099 | D:4      | 3099 ||| FLEEEEING.
  3100 | D:4      | 3100 ||| FLEEEEING.
  3101 | D:4      | 3101 ||| FLEEEEING.
  3102 | D:4      | 3102 ||| FLEEEEING.
  3105 | D:4      | 3105 ||| FLEEEEING.
  3106 | D:4      | 3106 ||| FLEEEEING.
  3109 | D:4      | 3109 ||| STAIRDANCE
  3219 | D:3      | 3219 ||| UPGRADING to +0 chain mail.
  3229 | D:3      | 3229 ||| DROPPING +0 scale mail.
  3230 | D:3      | 3230 ||| UPGRADING to +0 helmet.
  3235 | D:3      | 3235 ||| READING 2 scrolls of identify.
  3235 | D:3      | 3235 ||| IDENTIFYING smoky coppery potion
  3504 | D:4      | 3504 ||| Stepping ~*~*~tactically~*~*~ (stealth).
  3562 | D:4      | Found a shimmering altar of Xom.
  4016 | D:4      | 4016 ||| READING scroll labelled FUDEAG KIJA.
  4093 | D:5      | Entered Level 5 of the Dungeon
  4140 | D:5      | 4140 ||| Stepping ~*~*~tactically~*~*~ (stealth).
  4160 | D:5      | Reached skill level 7 in Axes
  4167 | D:5      | Reached XP level 8. HP: 49/49 MP: 8/8
  4168 | D:5      | 4168 ||| Stepping ~*~*~tactically~*~*~ (stealth).
  4435 | D:5      | 4435 ||| FLEEEEING.
  4439 | D:5      | 4439 ||| FLEEEEING.
  4440 | D:5      | 4440 ||| FLEEEEING.
  4531 | D:5      | 4531 ||| Stepping ~*~*~tactically~*~*~ (hiding).
  4533 | D:5      | 4533 ||| Stepping ~*~*~tactically~*~*~ (hiding).
  5061 | D:5      | 5061 ||| UPGRADING to +3 chain mail.
  5071 | D:5      | 5071 ||| DROPPING +0 chain mail.
  5072 | D:5      | 5072 ||| DROPPING +6 ring of intelligence.
  5104 | D:6      | Found a stormy altar of Qazlal.
  5107 | D:6      | 5107 ||| Stepping ~*~*~tactically~*~*~ (stealth).
  5108 | D:6      | 5108 ||| Stepping ~*~*~tactically~*~*~ (stealth).
  5109 | D:6      | 5109 ||| Stepping ~*~*~tactically~*~*~ (stealth).
  5110 | D:6      | 5110 ||| Stepping ~*~*~tactically~*~*~ (stealth).
  5111 | D:6      | 5111 ||| Stepping ~*~*~tactically~*~*~ (hiding).
  5113 | D:6      | 5113 ||| Stepping ~*~*~tactically~*~*~ (stealth).
  5114 | D:6      | 5114 ||| Stepping ~*~*~tactically~*~*~ (hiding).
  5115 | D:6      | 5115 ||| Stepping ~*~*~tactically~*~*~ (hiding).
  5122 | D:6      | Reached skill level 8 in Axes
  5249 | D:6      | Reached skill level 6 in Fighting
  5571 | D:6      | 5571 ||| Stepping ~*~*~tactically~*~*~ (hiding).
  5573 | D:6      | 5573 ||| Stepping ~*~*~tactically~*~*~ (hiding).
  5574 | D:6      | 5574 ||| Stepping ~*~*~tactically~*~*~ (hiding).
  5581 | D:6      | Reached XP level 9. HP: 50/56 MP: 9/9
  5587 | D:6      | Reached skill level 9 in Axes
  5592 | D:6      | 5592 ||| FLEEEEING.
  5593 | D:6      | 5593 ||| FLEEEEING.
  5594 | D:6      | 5594 ||| FLEEEEING.
  5595 | D:6      | 5595 ||| FLEEEEING.
  5596 | D:6      | 5596 ||| FLEEEEING.
  5654 | D:6      | 5654 ||| Stepping ~*~*~tactically~*~*~ (hiding).
  5655 | D:6      | 5655 ||| Stepping ~*~*~tactically~*~*~ (hiding).
  5707 | D:6      | Found a staircase to the Ecumenical Temple.
  5708 | D:6      | 5708 ||| PLANNING TEMPLE
  5708 | D:6      | 5708 ||| UPGRADING to +0 plate armour.
  5718 | D:6      | 5718 ||| DROPPING +3 chain mail.
  5719 | D:6      | 5719 ||| READING scroll labelled RAEHUTSISHRE.
  5720 | D:6      | 5720 ||| DRINKING 2 fuming brown potions.
  5753 | Temple   | Entered the Ecumenical Temple
  5775 | Temple   | 5775 ||| PLANNING OKAWARU WORSHIP
  5923 | Temple   | Became a worshipper of Warmaster Okawaru
  5924 | Temple   | 5924 ||| PLANNING D:1-11
  6202 | D:6      | Found a glowing golden altar of the Shining One.
  6549 | D:7      | 6549 ||| Stepping ~*~*~tactically~*~*~ (hiding).
  6551 | D:7      | 6551 ||| Stepping ~*~*~tactically~*~*~ (hiding).
  6655 | D:7      | 6655 ||| Stepping ~*~*~tactically~*~*~ (hiding).
  6661 | D:7      | 6661 ||| Stepping ~*~*~tactically~*~*~ (stealth).
  6692 | D:7      | 6692 ||| Stepping ~*~*~tactically~*~*~ (stealth).
  6698 | D:7      | Reached * piety under Okawaru
  6786 | D:7      | Reached skill level 6 in Armour
  6786 | D:7      | Reached skill level 1 in Invocations
  6819 | D:7      | 6819 ||| Stepping ~*~*~tactically~*~*~ (stealth).
  6831 | D:7      | Reached skill level 3 in Invocations
  6837 | D:7      | Reached XP level 10. HP: 53/63 MP: 11/13
  6839 | D:7      | Reached ** piety under Okawaru
  6943 | D:7      | 6943 ||| Stepping ~*~*~tactically~*~*~ (hiding).
  6959 | D:7      | 6959 ||| INVOKING Heroism.
  6999 | D:7      | 6999 ||| INVOKING Heroism.
  7088 | D:7      | 7088 ||| Stepping ~*~*~tactically~*~*~ (stealth).
  7231 | D:7      | 7231 ||| Stepping ~*~*~tactically~*~*~ (stealth).
  7462 | D:7      | 7462 ||| UPGRADING to +0 kite shield.
  7472 | D:7      | 7472 ||| DROPPING +0 buckler.
  7473 | D:7      | 7473 ||| DROPPING amulet of magic regeneration.
  7474 | D:7      | 7474 ||| READING 2 scrolls labelled HOUCWO JIPP.
  7475 | D:7      | 7475 ||| DRINKING 2 fuming yellow potions.
  7476 | D:7      | 7476 ||| READING 2 scrolls of identify.
  7476 | D:7      | 7476 ||| IDENTIFYING green potion
  7477 | D:7      | 7477 ||| DROPPING potion of flight.
  7478 | D:7      | 7478 ||| DROPPING scroll of poison.
  7524 | D:8      | 7524 ||| STAIRDANCE
  7649 | D:8      | 7649 ||| Stepping ~*~*~tactically~*~*~ (stealth).
  7667 | D:8      | 7667 ||| Stepping ~*~*~tactically~*~*~ (hiding).
  7693 | D:8      | Found a sparkling altar of Nemelex Xobeh.
  7698 | D:8      | 7698 ||| INVOKING Heroism.
  7745 | D:8      | Found a radiant altar of Vehumet.
  7776 | D:8      | 7776 ||| Stepping ~*~*~tactically~*~*~ (hiding).
  7780 | D:8      | 7780 ||| Stepping ~*~*~tactically~*~*~ (hiding).
  7783 | D:8      | 7783 ||| INVOKING Heroism.
  7785 | D:8      | Reached skill level 6 in Shields
  7842 | D:8      | Identified the +6 sling "Eshraech" {freeze, SInv}
  7867 | D:8      | 7867 ||| Stepping ~*~*~tactically~*~*~ (hiding).
  7917 | D:8      | 7917 ||| Stepping ~*~*~tactically~*~*~ (stealth).
  7922 | D:8      | 7922 ||| Stepping ~*~*~tactically~*~*~ (stealth).
  7927 | D:8      | 7927 ||| INVOKING Heroism.
  8011 | D:8      | Noticed Amaemon
  8011 | D:8      | Noticed an orange demon
  8012 | D:8      | 8012 ||| INVOKING Heroism.
  8020 | D:8      | Killed Amaemon
  8025 | D:8      | Killed an orange demon
  8025 | D:8      | Reached *** piety under Okawaru
  8061 | D:8      | 8061 ||| DROPPING +0 morningstar.
  8074 | D:8      | Noticed Joseph
  8075 | D:8      | 8075 ||| Stepping ~*~*~tactically~*~*~ (hiding).
  8089 | D:8      | Killed Joseph
  8090 | D:8      | Reached skill level 9 in Shields
  8151 | D:8      | 8151 ||| INVOKING Heroism.
  8158 | D:8      | Reached skill level 10 in Axes
  8369 | D:8      | 8369 ||| DRINKING 3 dark potions.
  8370 | D:8      | 8370 ||| READING 3 scrolls of identify.
  8370 | D:8      | 8370 ||| IDENTIFYING viscous red potion
  8371 | D:8      | 8371 ||| READING 2 scrolls of identify.
  8371 | D:8      | 8371 ||| IDENTIFYING yellow potion
  8372 | D:8      | 8372 ||| DROPPING potion of ambrosia.
  8393 | D:9      | 8393 ||| STAIRDANCE
  8398 | D:9      | 8398 ||| STAIRDANCE
  8417 | D:9      | 8417 ||| INVOKING Heroism.
  8511 | D:9      | Reached XP level 11. HP: 56/68 MP: 14/14
  8518 | D:9      | 8518 ||| FLEEEEING.
  8519 | D:9      | 8519 ||| FLEEEEING.
  8520 | D:9      | 8520 ||| FLEEEEING.
  8521 | D:9      | 8521 ||| FLEEEEING.
  8522 | D:9      | 8522 ||| FLEEEEING.
  8523 | D:9      | 8523 ||| FLEEEEING.
  8524 | D:9      | 8524 ||| FLEEEEING.
  8525 | D:9      | 8525 ||| FLEEEEING.
  8526 | D:9      | 8526 ||| INVOKING Heroism.
  8548 | D:9      | Reached **** piety under Okawaru
  8608 | D:9      | Found Qeuppude's Antique Armour Shoppe.
  8643 | D:9      | Noticed a cyclops
  8644 | D:9      | 8644 ||| INVOKING Heroism.
  8648 | D:9      | Killed a cyclops
  8740 | D:9      | 8740 ||| Stepping ~*~*~tactically~*~*~ (stealth).
  8808 | D:9      | 8808 ||| INVOKING Heroism.
  8865 | D:9      | Found a staircase to the Lair.
  8941 | D:9      | 8941 ||| INVOKING Heroism.
  8947 | D:9      | Received a gift from Okawaru
  8971 | D:9      | 8971 ||| INVOKING Heroism.
  9000 | D:9      | 9000 ||| INVOKING Heroism.
  9115 | D:9      | 9115 ||| Stepping ~*~*~tactically~*~*~ (stealth).
  9120 | D:9      | 9120 ||| Stepping ~*~*~tactically~*~*~ (stealth).
  9150 | D:9      | 9150 ||| Stepping ~*~*~tactically~*~*~ (stealth).
  9153 | D:9      | Reached skill level 3 in Throwing
  9155 | D:9      | 9155 ||| INVOKING Heroism.
  9157 | D:9      | Reached skill level 6 in Invocations
  9253 | D:9      | Noticed Erolcha
  9254 | D:9      | 9254 ||| INVOKING Heroism.
  9283 | D:9      | 9283 ||| INVOKING Heroism.
  9287 | D:9      | Killed Erolcha
  9287 | D:9      | Received a gift from Okawaru
  9695 | D:9      | 9695 ||| PLANNING LAIR
  9695 | D:9      | 9695 ||| DROPPING amulet of guardian spirit.
  9696 | D:9      | 9696 ||| READING 2 scrolls of identify.
  9696 | D:9      | 9696 ||| IDENTIFYING metallic puce potion
  9697 | D:9      | 9697 ||| DROPPING potion of degeneration.
  9745 | Lair:1   | Entered Level 1 of the Lair of Beasts
  9769 | Lair:1   | 9769 ||| INVOKING Heroism.
  9828 | Lair:1   | Reached skill level 11 in Axes
  9895 | Lair:1   | 9895 ||| Stepping ~*~*~tactically~*~*~ (stealth).
 10002 | Lair:1   | 10002 ||| Stepping ~*~*~tactically~*~*~ (stealth).
 10009 | Lair:1   | 10009 ||| Stepping ~*~*~tactically~*~*~ (stealth).
 10013 | Lair:1   | 10013 ||| INVOKING Heroism.
 10234 | Lair:1   | 10234 ||| INVOKING Heroism.
 10238 | Lair:1   | Reached ***** piety under Okawaru
 10256 | Lair:1   | Reached XP level 12. HP: 73/73 MP: 18/18
 10258 | Lair:1   | 10258 ||| INVOKING Heroism.
 10295 | Lair:1   | Found a frozen archway.
 10781 | Lair:1   | 10781 ||| UPGRADING to amulet of regeneration.
 10786 | Lair:1   | 10786 ||| READING scroll labelled WOSUAV NYGROZE.
 10787 | Lair:1   | 10787 ||| READING 2 scrolls of identify.
 10787 | Lair:1   | 10787 ||| IDENTIFYING fizzy cyan potion
 10923 | Lair:2   | 10923 ||| Stepping ~*~*~tactically~*~*~ (stealth).
 10966 | Lair:2   | 10966 ||| INVOKING Heroism.
 10971 | Lair:2   | Reached skill level 9 in Invocations
 10981 | Lair:2   | Reached skill level 9 in Fighting
 11005 | Lair:2   | Received a gift from Okawaru
 11045 | Lair:2   | 11045 ||| READING scroll of acquirement.
 11045 | Lair:2   | 11045 ||| ACQUIRING ring of ice
 11045 | Lair:2   | Acquired a ring of ice
 11117 | Lair:2   | 11117 ||| Stepping ~*~*~tactically~*~*~ (stealth).
 11119 | Lair:2   | 11119 ||| INVOKING Heroism.
 11123 | Lair:2   | 11123 ||| Stepping ~*~*~tactically~*~*~ (stealth).
 11216 | Lair:2   | 11216 ||| Stepping ~*~*~tactically~*~*~ (hiding).
 11217 | Lair:2   | 11217 ||| Stepping ~*~*~tactically~*~*~ (hiding).
 11334 | Lair:2   | Noticed a seven-headed hydra
 11335 | Lair:2   | 11335 ||| INVOKING Heroism.
 11336 | Lair:2   | 11336 ||| INVOKING Finesse.
 11338 | Lair:2   | 11338 ||| SWAPPING to +0 demon whip of venom.
 11344 | Lair:2   | Killed a seven-headed hydra
 11345 | Lair:2   | 11345 ||| SWAPPING to +10 broad axe "Voyr" {drain, Fly}.
 11512 | Lair:2   | 11512 ||| INVOKING Heroism.
 11623 | Lair:2   | Found a staircase to the Shoals.
 11624 | Lair:2   | 11624 ||| Stepping ~*~*~tactically~*~*~ (hiding).
 11635 | Lair:2   | Reached skill level 12 in Axes
 11918 | Lair:2   | 11918 ||| READING scroll labelled ROXZU JEIH.
 11919 | Lair:2   | 11919 ||| READING scroll labelled JEOLLE MUPS.
 11939 | Lair:3   | 11939 ||| STAIRDANCE
 12020 | Lair:3   | 12020 ||| INVOKING Heroism.
 12053 | Lair:3   | 12053 ||| INVOKING Heroism.
 12124 | Lair:3   | Identified the +1 robe of the Sacrificial Victim {rC+ rCorr
                  | Archmagi} (Okawaru gifted it to you on level 3 of the Lair
                  | of Beasts)
 12124 | Lair:3   | Received a gift from Okawaru
 12125 | Lair:3   | Reached XP level 13. HP: 80/80 MP: 20/20
 12218 | Lair:3   | 12218 ||| Stepping ~*~*~tactically~*~*~ (stealth).
 12219 | Lair:3   | 12219 ||| INVOKING Heroism.
 12266 | Lair:3   | 12266 ||| INVOKING Finesse.
 12279 | Lair:3   | 12279 ||| INVOKING Heroism.
 12292 | Lair:3   | 12292 ||| INVOKING Finesse.
 12305 | Lair:3   | Reached skill level 9 in Armour
 12371 | Lair:3   | 12371 ||| INVOKING Heroism.
 12395 | Lair:3   | 12395 ||| Stepping ~*~*~tactically~*~*~ (stealth).
 12396 | Lair:3   | 12396 ||| Stepping ~*~*~tactically~*~*~ (stealth).
 12402 | Lair:3   | 12402 ||| INVOKING Heroism.
 12404 | Lair:3   | 12404 ||| Stepping ~*~*~tactically~*~*~ (stealth).
 12405 | Lair:3   | 12405 ||| Stepping ~*~*~tactically~*~*~ (stealth).
 12512 | Lair:3   | Identified the +2 trident "Routuib" {antimagic, rPois
                  | Dex+4}
 12581 | Lair:3   | 12581 ||| Stepping ~*~*~tactically~*~*~ (stealth).
 12584 | Lair:3   | 12584 ||| INVOKING Heroism.
 12669 | Lair:3   | 12669 ||| Stepping ~*~*~tactically~*~*~ (stealth).
 12670 | Lair:3   | 12670 ||| Stepping ~*~*~tactically~*~*~ (stealth).
 12688 | Lair:3   | 12688 ||| INVOKING Heroism.
 12869 | Lair:3   | Found a staircase to the Snake Pit.
 13289 | Lair:3   | 13289 ||| UPGRADING to +1 helmet.
 13299 | Lair:3   | 13299 ||| DROPPING +0 helmet.
 13300 | Lair:3   | 13300 ||| READING scroll labelled DANECS POAXU.
 13301 | Lair:3   | 13301 ||| DRINKING 2 fuming blue potions.
 13406 | Lair:3   | 13406 ||| DROPPING potion of berserk rage.
 13483 | Lair:4   | 13483 ||| INVOKING Heroism.
 13484 | Lair:4   | 13484 ||| INVOKING Finesse.
 13485 | Lair:4   | 13485 ||| SWAPPING to +0 demon whip of venom.
 13495 | Lair:4   | 13495 ||| SWAPPING to +10 broad axe "Voyr" {drain, Fly}.
 13510 | Lair:4   | Reached skill level 13 in Axes
 13594 | Lair:4   | 13594 ||| Stepping ~*~*~tactically~*~*~ (hiding).
 13595 | Lair:4   | 13595 ||| INVOKING Heroism.
 13596 | Lair:4   | 13596 ||| INVOKING Finesse.
 13710 | Lair:4   | 13710 ||| Stepping ~*~*~tactically~*~*~ (stealth).
 13712 | Lair:4   | 13712 ||| Stepping ~*~*~tactically~*~*~ (stealth).
 13767 | Lair:4   | Noticed Nessos
 13768 | Lair:4   | 13768 ||| INVOKING Finesse.
 13773 | Lair:4   | 13773 ||| INVOKING Heroism.
 13787 | Lair:4   | Killed Nessos
 13787 | Lair:4   | Received a gift from Okawaru
 13788 | Lair:4   | Reached skill level 14 in Axes
 13836 | Lair:4   | 13836 ||| DROPPING +2 broad axe of electrocution.
 14042 | Lair:4   | Found a viscous altar of Jiyva.
 14043 | Lair:4   | Found a staircase to the Slime Pits.
 14048 | Lair:4   | 14048 ||| INVOKING Heroism.
 14063 | Lair:4   | Gained mutation: Your large and strong wings let you fly.
                  | [Gargoyle growth]
 14063 | Lair:4   | Reached XP level 14. HP: 81/88 MP: 21/21
 14323 | Lair:4   | 14323 ||| INVOKING Heroism.
 14324 | Lair:4   | 14324 ||| INVOKING Finesse.
 14326 | Lair:4   | 14326 ||| SWAPPING to +0 demon whip of venom.
 14333 | Lair:4   | 14333 ||| SWAPPING to +10 broad axe "Voyr" {drain, Fly}.
 14637 | Lair:4   | 14637 ||| DROPPING scarf of harm.
 14688 | Lair:5   | Entered Level 5 of the Lair of Beasts
 14700 | Lair:5   | 14700 ||| INVOKING Heroism.
 14750 | Lair:5   | 14750 ||| Stepping ~*~*~tactically~*~*~ (hiding).
 14751 | Lair:5   | 14751 ||| INVOKING Heroism.
 14768 | Lair:5   | 14768 ||| Stepping ~*~*~tactically~*~*~ (stealth).
 14769 | Lair:5   | 14769 ||| Stepping ~*~*~tactically~*~*~ (stealth).
 14833 | Lair:5   | 14833 ||| Stepping ~*~*~tactically~*~*~ (stealth).
 14845 | Lair:5   | 14845 ||| Stepping ~*~*~tactically~*~*~ (stealth).
 14846 | Lair:5   | 14846 ||| Stepping ~*~*~tactically~*~*~ (stealth).
 14847 | Lair:5   | 14847 ||| Stepping ~*~*~tactically~*~*~ (stealth).
 14894 | Lair:5   | 14894 ||| FLEEEEING.
 14895 | Lair:5   | 14895 ||| FLEEEEING.
 14896 | Lair:5   | 14896 ||| FLEEEEING.
 14897 | Lair:5   | 14897 ||| FLEEEEING.
 14898 | Lair:5   | 14898 ||| FLEEEEING.
 14899 | Lair:5   | 14899 ||| INVOKING Heroism.
 14949 | Lair:5   | 14949 ||| Stepping ~*~*~tactically~*~*~ (stealth).
 14961 | Lair:5   | 14961 ||| Stepping ~*~*~tactically~*~*~ (stealth).
 14963 | Lair:5   | 14963 ||| Stepping ~*~*~tactically~*~*~ (stealth).
 15000 | Lair:5   | Reached skill level 12 in Shields
 15019 | Lair:5   | 15019 ||| INVOKING Heroism.
 15027 | Lair:5   | Received a gift from Okawaru
 15050 | Lair:5   | 15050 ||| Stepping ~*~*~tactically~*~*~ (stealth).
 15105 | Lair:5   | 15105 ||| INVOKING Heroism.
 15121 | Lair:5   | HP: 14/90 [torpor snail (9)]
 15122 | Lair:5   | 15122 ||| READING 3 scrolls of teleportation.
 15122 | Lair:5   | HP: 5/90 [acid (8)]
 15123 | Lair:5   | 15123 ||| DRINKING 2 potions of heal wounds.
 15123 | Lair:5   | Splashed by a goliath frog's acid

Levels and vault maps discovered:
D:1:      minmay_arrival_glassed_features, layout_basic,
          ebering_ecumenical_altar_rust, minmay_tromino_v4_b
D:2:      layout_rooms
D:3:      minmay_roachtagon, layout_rooms, demons_altar, serial_glass,
          glass_columns_a, glass_columns_b, minmay_strange_pillars,
          minmay_strange_pillars, feat_on_display, grunt_ministairs_13
D:4:      layout_basic, nicolae_xom_altar_mimics, uniq_robin
D:5:      layout_loops_ring, roderic_roman_lattice, minmay_fountain_box,
          minmay_diced_spiral
D:6:      cheibrodos_helix_gallery, layout_loops_ring, kennysheep_little_box,
          mainiacjoe_overflow_catwalk, minmay_temple_entry_proselytizer
D:7:      layout_loops_ring
D:8:      layout_basic, nemelex_diamond_rough_becter, lemuel_doored_altar,
          uniq_amaemon, uniq_joseph
D:9:      lemuel_troll_bridge, layout_loops_ring, david_lair_shrubbed,
          serial_shops, shop_fountains, serial_bayou_pond_c,
          kennysheep_generic_room_10, uniq_erolcha
Temple:   bh_familiar_temple
Lair:1:   layout_cave_pods, portal_ice_cave_entry_ice_simulacra,
          nicolae_lair_lil_pond, grunt_megastairs_2, lemuel_fruit_fields,
          serial_bayou_shore_a
Lair:2:   layout_loops_ring, minmay_shoals_entry_hut, minivault_26,
          grunt_forest_large_clearings, grunt_megastairs_5, serial_bayou_shore_b
Lair:3:   layout_layer_cave, guppyfry_snake_entry_island, enter_volcano_4
Lair:4:   nzn_motion_control, layout_cave_pods, minmay_slime_entry_pillars,
          uniq_nessos
Lair:5:   minmay_lair_end_frog_pond, layout_long_grid

Skill      XL: |  1  2  3  4  5  6  7  8  9 10 11 12 13 14 |
---------------+-------------------------------------------+-----
Axes           | 2 3 4 5 6 7 8 9 10 11 12 14 | 14.7
Throwing       | 1 2 3 4 |  4.0
Fighting       | 4 5 6 7 8 9 10 11 | 11.0
Dodging        | 1 2 |  2.0
Armour         | 4 6 7 8 9 10 | 10.0
Shields        | 4 9 10 11 12 | 12.0
Invocations    | 4 8 10 | 10.0

Action                   |  1- 3 |  4- 6 |  7- 9 | 10-12 | 13-15 || total
-------------------------+-------+-------+-------+-------+-------++-------
Melee: War axe           |    75 |       |       |       |       ||    75
       Broad axe         |     8 |    68 |   154 |   414 |   285 ||   929
       Demon whip        |       |       |       |     4 |    11 ||    15
Throw: Javelin           |    45 |    38 |    40 |    68 |    39 ||   230
       Boomerang         |       |     5 |    14 |    46 |    66 ||   131
Invok: Heroism           |       |       |       |    27 |    16 ||    43
       Finesse           |       |       |       |     1 |     6 ||     7
  Use: Scroll            |     7 |     3 |     3 |    10 |     2 ||    25
       Potion            |       |     2 |     1 |     2 |     2 ||     7
Armor: Scale mail        |    50 |    26 |     2 |       |       ||    78
       Chain mail        |       |       |    52 |       |       ||    52
       Plate armour      |       |       |    33 |   248 |   126 ||   407
Dodge: Dodged            |    40 |    26 |    39 |   101 |    61 ||   267
Block: Buckler           |    17 |    10 |    27 |    10 |       ||    64
       Kite shield       |       |       |       |   200 |   104 ||   304

Table legend:
 A = Non-vault XP
 B = Vault XP
 C = Vault XP percentage of total XP
 D = Non-vault monster count
 E = Vault monster count
 F = Vault count percentage of total count
                 A         B        C        D         E       F
            +---------+---------+-------+---------+---------+-------
      Total |   51125 |   20897 |  29.0 |     372 |     124 |  25.0
            +---------+---------+-------+---------+---------+-------
        D:1 |      26 |       3 |  10.3 |      15 |       2 |  11.8
        D:2 |      39 |       0 |   0.0 |      22 |       0 |   0.0
        D:3 |     151 |     155 |  50.7 |      14 |      15 |  51.7
        D:4 |     353 |      36 |   9.3 |      35 |      11 |  23.9
        D:5 |     683 |     138 |  16.8 |      20 |       4 |  16.7
        D:6 |    1120 |     201 |  15.2 |      16 |       3 |  15.8
        D:7 |    2264 |       0 |   0.0 |      41 |       0 |   0.0
        D:8 |    1517 |    1701 |  52.9 |      35 |       3 |   7.9
        D:9 |    2261 |    4228 |  65.2 |      27 |      13 |  32.5
     Lair:1 |    4201 |     203 |   4.6 |      29 |       4 |  12.1
     Lair:2 |    6243 |    4387 |  41.3 |      18 |      37 |  67.3
     Lair:3 |   10504 |     160 |   1.5 |      38 |       1 |   2.6
     Lair:4 |   11250 |    4172 |  27.1 |      26 |       9 |  25.7
     Lair:5 |   10513 |    5513 |  34.4 |      36 |      22 |  37.9
            +---------+---------+-------+---------+---------+-------
